 Dungeon Sprint DCSS version 0.21.0-3-g78d12a8 (webtiles) character file.

1220 Sayani the Cleaver (level 8, -12/135 HPs)
             Began as a Minotaur Berserker on Jan 11, 2018.
             Was an Elder of Trog.
             Mangled by a deep troll (16 damage)
             ... in the Dungeon (Sprint I: "Red Sonja").
             The game lasted 00:03:48 (916 turns).

Sayani the Cleaver (Minotaur Berserker)              Turns: 916, Time: 00:03:48

Health: -12/135    AC:  3    Str: 29    XL:     8   Next: 23%
Magic:  7/7        EV: 12    Int:  4    God:    Trog [****..]
Gold:   421        SH:  0    Dex: 10    Spells: 7/7 levels left

rFire    . . .     SeeInvis .   a - +0 hand axe
rCold    . . .     Gourm    .   (no shield)
rNeg     . . .     Faith    .   j - +0 leather armour
rPois    .         Spirit   .   (helmet restricted)
rElec    .         Reflect  .   (no cloak)
rCorr    .         Harm     .   (no gloves)
MR       .....     NoTele   +   (no boots)
Stlth    ..........             (no amulet)
HPRegen  0.32/turn              (no ring)
MPRegen  0.10/turn              (no ring)

@: berserking, very quick
A: retaliatory headbutt, horns 2
a: Berserk, Trog's Hand, Brothers in Arms, Burn Spellbooks, Renounce Religion


You were in the Dungeon.
You worshipped Trog.
Trog was greatly pleased with you.
You were near starving.

You visited 1 branch You collected 459 gold pieces.
You spent 38 gold pieces at shops.

Inventory:

Hand Weapons
 a - a +0 hand axe (weapon)
Armour
 j - a +0 leather armour (worn)
Wands
 b - a wand of digging (5)
Scrolls
 i - a scroll of blinking
 k - a scroll of immolation {unknown}
Potions
 d - a potion of curing
 e - a potion of heal wounds
 f - a potion of haste
 g - 2 potions of magic
 h - a potion of berserk rage
Comestibles
 c - a ration


   Skills:
 + Level 14.7 Fighting
 + Level 14.9 Axes
 + Level 3.1 Armour
 + Level 2.9 Dodging


You had 7 spell levels left.
You didn't know any spells.

Dungeon Overview and Level Annotations

Branches:
Dungeon (1/1)

Altars:
Cheibriados
Dithmenos
Elyvilon
Fedhas
Gozag
Hepliaklqana
Kikubaaqudgha
Makhleb
Nemelex Xobeh
Okawaru
Qazlal
Ru
Sif Muna
Trog
Uskayaw
Vehumet
Wu Jian
Xom
Yredelemnul
Zin
The Shining One
Jiyva
Lugonu

Shops:
D ?


Innate Abilities, Weirdness & Mutations

You reflexively headbutt those who attack you in melee.
You have a pair of horns on your head.


Message History

* * * LOW HITPOINT WARNING * * *
Something completely misses you.
You hear a distant slurping noise.
The deep troll bites you!
* * * LOW HITPOINT WARNING * * *
The deep troll barely misses you. The deep troll completely misses you.
You hit the deep troll.
The deep troll is lightly wounded.
You hit something but do no damage. Something hits you.
* * * LOW HITPOINT WARNING * * *
You barely miss the deep troll.
The deep troll is lightly wounded.
You hit something but do no damage. Something hits you!
* * * LOW HITPOINT WARNING * * *
Something hits you.
* * * LOW HITPOINT WARNING * * *
You barely miss the deep troll.
The deep troll is lightly wounded.
You slash something! The deep troll bites you!
You die...

##########################*
#<.#.[)..#..'..#__#.)+s..#,
#..'..#..').#..+^.+.[#.s.#*
#..#####'#####+#__####...ss
#..####..#.{.#.####,,*####.
#..#__####@.##(#≈≈≈,,*,,**+
#..#_____##T#_.+≈≈≈,,+,,*,,
#⌠⌠#_.∩...÷..._#≈≈≈,,*,,*,,
#..._..__##_.#'#*+*****+***
#..#_____###+#[#,,,,***,+,*
##########**,##T#+***,***,*
*∩,,,,,,,,+,,,+$$.,,+,∩**,*
***++++****,,,*##.#******,*
*,,,,,,,****,***,...,,,**,*


You could see a deep troll.

Vanquished Creatures
  2 kobold demonologists (D)
  A slime creature (D)
  Sigmund (D)
  A yak (D)
  A floating eye (D)
  An ogre (D)
  A jelly (D)
  Ijyb (D)
9 creatures vanquished.

Vanquished Creatures (others)
  A gargoyle (D)
1 creature vanquished.

Grand Total: 10 creatures vanquished

Notes
Turn   | Place    | Note
-------+----------+-------------------------------------------
     0 | D        | Sayani the Minotaur Berserker began the quest for the Orb.
     0 | D        | Reached XP level 1. HP: 19/19 MP: 0/0
     2 | D        | Noticed Ijyb
    12 | D        | Killed Ijyb
    12 | D        | Reached XP level 2. HP: 30/30 MP: 1/1
    64 | D        | Noticed an ogre
    68 | D        | Killed an ogre
    68 | D        | Reached XP level 3. HP: 41/41 MP: 2/2
    68 | D        | Reached XP level 4. HP: 49/49 MP: 3/3
   115 | D        | Noticed Sigmund
   123 | D        | Killed Sigmund
   123 | D        | Reached ** piety under Trog
   123 | D        | Reached skill level 10 in Fighting
   123 | D        | Reached XP level 5. HP: 47/59 MP: 4/4
   200 | D        | Found a burning altar of Makhleb.
   200 | D        | Found a viscous altar of Jiyva.
   200 | D        | Found a shimmering altar of Xom.
   200 | D        | Found a corrupted altar of Lugonu.
   200 | D        | Noticed a slime creature
   208 | D        | HP: 4/88 [slime creature (9)]
   209 | D        | Killed a slime creature
   209 | D        | Reached XP level 6. HP: 5/71 MP: 5/5
   534 | D        | Noticed a kobold demonologist
   534 | D        | Noticed a floating eye
   535 | D        | Noticed a kobold demonologist
   536 | D        | Killed a floating eye
   536 | D        | Reached XP level 7. HP: 78/78 MP: 6/6
   550 | D        | Killed a kobold demonologist
   550 | D        | Reached *** piety under Trog
   562 | D        | Killed a kobold demonologist
   562 | D        | Reached XP level 8. HP: 73/90 MP: 7/7
   563 | D        | Noticed a demonic crawler
   563 | D        | Noticed a demonic crawler
   563 | D        | Noticed a demonic crawler
   563 | D        | Noticed a demonic crawler
   651 | D        | Found an ornate altar of the Wu Jian Council.
   651 | D        | Found a deep blue altar of Sif Muna.
   653 | D        | Found a radiant altar of Vehumet.
   655 | D        | Reached **** piety under Trog
   710 | D        | Found Gipipt's Magic Scroll Emporium.
   710 | D        | Found an ancient bone altar of Kikubaaqudgha.
   710 | D        | Found a hazy altar of Hepliaklqana.
   710 | D        | Found a stormy altar of Qazlal.
   710 | D        | Found a hide-covered altar of Uskayaw.
   710 | D        | Found a blossoming altar of Fedhas.
   710 | D        | Found a bloodstained altar of Trog.
   710 | D        | Found an iron altar of Okawaru.
   710 | D        | Found a basalt altar of Yredelemnul.
   710 | D        | Found a glowing golden altar of the Shining One.
   710 | D        | Found a snail-covered altar of Cheibriados.
   710 | D        | Found a sacrificial altar of Ru.
   710 | D        | Found a glowing silver altar of Zin.
   710 | D        | Found a shadowy altar of Dithmenos.
   710 | D        | Found a white marble altar of Elyvilon.
   718 | D        | Found an opulent altar of Gozag.
   758 | D        | Killed a gargoyle
   786 | D        | Found a sparkling altar of Nemelex Xobeh.
   790 | D        | Bought a scroll of magic mapping for 38 gold pieces
   859 | D        | Noticed a deep troll
   915 | D        | HP: 4/135 [something (3)]
   916 | D        | Mangled by a deep troll

Skill      XL: |  1  2  3  4  5  6  7  8 |
---------------+-------------------------+-----
Fighting       | 6 8 10 12 14 | 14.7
Axes           | 6 8 11 12 14 | 14.9
Armour         | 3 |  3.1
Dodging        | |  2.9

Action                   |  1- 3 |  4- 6 |  7- 9 || total
-------------------------+-------+-------+-------++-------
Melee: Hand axe          |    11 |    15 |    38 ||    64
       Headbutt          |       |     6 |     7 ||    13
Invok: Berserk           |     2 |     1 |     1 ||     4
Evoke: Wand              |       |       |     2 ||     2
  Use: Scroll            |       |       |     1 ||     1
  Eat: Chunk             |       |     1 |     1 ||     2
Armor: Animal skin       |     1 |       |       ||     1
       Leather armour    |       |       |     2 ||     2
Dodge: Dodged            |     6 |     3 |    14 ||    23
